 Dungeon Crawl Stone Soup version 0.18.1-8-gdd0e5ea (webtiles) character file.

160 Scarto the Skirmisher (level 5, -2/42 HPs)
             Began as a Demonspawn Fighter on May 23, 2016.
             Slain by a gnoll
             ... wielding a +0 halberd
              (9 damage)
             ... while paralysed by Grinder
             ... on level 3 of the Dungeon.
             The game lasted 00:04:45 (2650 turns).

Scarto the Skirmisher (Demonspawn Fighter)          Turns: 2650, Time: 00:04:46

Health: -2/42      AC:  6    Str: 17    XL:     5   Next: 17%
Magic:  5/5        EV:  2    Int: 10    God:
Gold:   93         SH:  0    Dex: 12    Spells: 0 memorised, 4 levels left

rFire  + . .     SeeInvis .     a - +0 war axe
rCold  + . .     Gourm    .     b - +0 scale mail
rNeg   + . .     Faith    .     c - +1 shield
rPois  +         Spirit   .     (helmet restricted)
rElec  +         Dismiss  .     (no cloak)
rCorr  +         Reflect  .     (no gloves)
SustAt .         Harm     .     (no boots)
MR     .....                    (no amulet)
Stlth  ..........               (no ring)
                                l - ring of positive energy

@: paralysed, resistant, not resistant to hostile enchantments, extremely
unstealthy
A: antennae 1, talons 2
a: no special abilities


You were on level 3 of the Dungeon.
You were not hungry.

You visited 1 branch of the dungeon, and saw 3 of its levels.

You collected 93 gold pieces.

Inventory:

Hand Weapons
 a - a +0 war axe (weapon)
Missiles
 h - 39 bolts
Armour
 b - a +0 scale mail (worn)
 c - a +1 shield (worn)
Jewellery
 l - a ring of positive energy (left hand)
Scrolls
 e - 4 scrolls of magic mapping {unknown}
Potions
 g - 2 potions of curing
 i - 2 potions of magic {unknown}
 m - a potion of heal wounds {unknown}
Comestibles
 f - 5 bread rations
 k - a meat ration


   Skills:
 + Level 3.7 Fighting
 + Level 3.1 Axes
 + Level 3.3 Armour
 + Level 3.6 Shields


You had 4 spell levels left.
You didn't know any spells.

Dungeon Overview and Level Annotations

Branches:
Dungeon (3/15)

Altars:
Pakellas
Yredelemnul

Annotations:
D:3 Grinder


Innate Abilities, Weirdness & Mutations

You have a pair of small antennae on your head.
You have razor-sharp toenails.


Message History

You hit the gnoll. You claw the gnoll, but do no damage.
The gnoll is severely wounded.
You closely miss Grinder.
Grinder is lightly wounded.
The gnoll hits you from afar with a halberd.
The gnoll barely misses you. Grinder gestures at you.
Pain shoots through your body! You block the gnoll's attack.
You are too injured to fight recklessly!
Drink which item? (? for menu, Esc to quit)
You feel better. You block the gnoll's attack. Grinder gestures at you.
You suddenly lose the ability to move!
The gnoll hits you from afar with a halberd.
The gnoll hits you! Grinder hits you.
* * * LOW HITPOINT WARNING * * *
The gnoll hits you.
* * * LOW HITPOINT WARNING * * *
The gnoll hits you from afar with a halberd!
You die...

#...# #...# #...# #...### #
#..... # #. #...######..
##..#.###..5#<..?...
(.........$.@gg.....
#...##.#####################
# #.............†...'....
#8.###8)###8.###8(#....
###################'###
##......................
#≈≈≈≈≈≈≈≈≈≈≈≈≈≈≈≈≈≈≈≈≈≈≈
#≈≈≈≈≈≈≈≈≈≈≈≈≈≈≈≈≈≈≈≈≈≈≈
##......................


You could see Grinder and 2 gnolls.

Vanquished Creatures
  A worker ant (D:3)
  4 gnolls
  3 adders
  A worm (D:2)
  2 dart slugs
  4 giant geckos
  A ball python (D:1)
  2 giant cockroaches
  9 goblins
  6 hobgoblins
  6 jackals
  7 kobolds
  A quokka (D:2)
  6 bats
  5 rats
58 creatures vanquished.

Vanquished Creatures (others)
  A lightning spire (D:2)
1 creature vanquished.

Grand Total: 59 creatures vanquished

Notes
Turn   | Place    | Note
--------------------------------------------------------------
     0 | D:1      | Scarto the Demonspawn Fighter began the quest for the Orb.
     0 | D:1      | Reached XP level 1. HP: 18/18 MP: 1/1
   155 | D:1      | Gained mutation: You have sharp toenails. [demonic ancestry]
   155 | D:1      | Reached XP level 2. HP: 19/24 MP: 2/2
   637 | D:1      | Reached XP level 3. HP: 29/29 MP: 3/3
  1671 | D:2      | Gained mutation: You have razor-sharp toenails. [demonic ancestry]
  1671 | D:2      | Reached XP level 4. HP: 29/35 MP: 4/4
  1917 | D:2      | Found a basalt altar of Yredelemnul.
  2024 | D:2      | Found an oddly glowing altar of Pakellas.
  2025 | D:2      | Noticed a gargoyle
  2577 | D:3      | Gained mutation: You have a pair of small antennae on your head. [demonic ancestry]
  2577 | D:3      | Reached XP level 5. HP: 40/42 MP: 5/5
  2638 | D:3      | Noticed Grinder
  2648 | D:3      | Paralysed by Grinder for 3 turns
  2650 | D:3      | Slain by a gnoll

Skill      XL: |  1  2  3  4 |
---------------+-------------+-----
Axes           | 2 3 |  3.1
Shields        | 3 |  3.6
Armour         | 3 |  3.3
Fighting       | |  3.7

Action                   |  1- 3 |  4- 6 || total
-------------------------+-------+-------++-------
Melee: War axe           |   101 |    87 ||   188
       Kick              |    14 |    23 ||    37
  Use: Potion            |     1 |     4 ||     5
       Scroll            |       |     7 ||     7
  Eat: Bread ration      |     1 |       ||     1
       Beef jerky        |     1 |       ||     1
       Chunk             |     1 |       ||     1
Armor: Scale mail        |    55 |    47 ||   102
Dodge: Dodged            |    33 |    38 ||    71
Block: Shield            |    53 |    77 ||   130
